Map: Romanticide LE

Players

Rex - Winner!

  • Race: Zerg Zerg

Nice

  • Race: Protoss Protoss

Event: DreamHack SC2 Masters 2021 Fall

VOD

Have the link to the VOD?

Description

Time

  • Played on: July 28, 2021, 9:09 a.m.
  • Length: 39:28

All games in this series

Show
View Real Time Build Order
Export as new Build Order

Rex Zerg - Winner!

Build Orders: Hatch First 

Get SALT Encoding   

  12  0:00  Drone  
  13  0:12  Overlord  
  13  0:16  Drone  
  14  0:30  Drone x2  
  16  0:48  Hatchery  
  15  0:51  Drone  
  15  0:54  Drone  
  17  0:57  Drone  
  18  1:08  Extractor  
  17  1:13  Spawning Pool  
  17  1:16  Drone  
  17  1:19  Drone  
  18  1:27  Drone  
  19  1:38  Drone  
  20  1:49  Overlord  
  20  2:01  Queen x2  
  20  2:03  Zergling x4  
  20  2:08  Metabolic Boost  
  26  2:10  Drone  
  26  2:11  Drone  
  28  2:21  Drone  
  28  2:22  Drone  
  30  2:34  Hatchery  
  29  2:44  Queen  
  29  2:46  Drone x2  
  33  2:51  Overlord  
  33  2:54  Drone  
  34  3:05  Spore Crawler  
  33  3:10  Drone x7  
  41  3:14  Overlord  
  41  3:18  Overlord  
  41  3:23  Queen  
  43  3:27  Spore Crawler  
  43  3:32  Queen  
  44  3:34  Drone  
  44  3:41  Drone x3  
  48  3:44  Drone  
  48  3:45  Drone  
  50  3:50  Drone x2  
  50  3:51  Drone  
  50  3:54  Drone x2  
  55  3:59  Spore Crawler, Drone  
  55  4:02  Overlord  
  55  4:05  Overlord  
  55  4:13  Zergling x6  
  58  4:19  Overlord  
  58  4:22  Zergling x4  
  58  4:23  Drone x5  
  65  4:28  Lair  
  65  4:36  Drone x5  
  70  4:40  Drone  
  70  4:41  Roach Warren  
  70  4:44  Drone  
  70  4:45  Extractor, Pneumatized Carapace  
  70  4:52  Drone x5  
  73  4:53  Drone  
  73  4:56  Drone  
  73  4:57  Drone x2  
  77  5:01  Drone x2  
  77  5:03  Spore Crawler  
  77  5:04  Drone  
  78  5:09  Drone x2  
  78  5:13  Drone  
  81  5:26  Drone  
  81  5:27  Extractor  
  81  5:28  Queen  
  81  5:29  Extractor  
  81  5:32  Overlord  
  81  5:33  Extractor  
  81  5:34  Queen, Extractor  
  82  5:39  Evolution Chamber  
  82  5:40  Drone  
  82  5:41  Overlord  
  82  5:44  Overlord  
  82  5:47  Overlord, Spire  
  80  5:50  Queen  
  80  5:51  Overseer, Drone  
  80  5:53  Drone x5  
  88  5:57  Drone  
  88  5:58  Hatchery  
  88  6:03  Drone x4  
  92  6:06  Infestation Pit  
  92  6:09  Drone  
  93  6:12  Drone  
  93  6:13  Drone x4  
  93  6:16  Hatchery, Drone x3  
  100  6:24  Drone x4  
  103  6:26  Drone  
  103  6:27  Extractor  
  103  6:28  Queen x2  
  107  6:34  Zerg Melee Weapons Level 1  
  107  6:35  Drone  
  107  6:39  Overlord x2  
  108  6:41  Overlord x2  
  108  6:43  Overseer  
  108  6:50  Overlord  
  108  6:55  Overlord x2  
  108  6:56  Overlord  
  108  7:07  Drone x7  
  115  7:13  Queen x3  
  121  7:23  Corruptor  
  121  7:24  Corruptor x3  
  121  7:27  Zerg Flyer Weapons Level 1  
  129  7:30  Corruptor  
  129  7:31  Corruptor  
  129  7:35  Corruptor x2  
  137  7:44  Spore Crawler, Corruptor  
  137  7:45  Corruptor x2  
  142  7:53  Corruptor  
  142  7:54  Corruptor  
  146  7:59  Hive  
  146  8:01  Extractor  
  146  8:02  Extractor  
  144  8:07  Overlord  
  144  8:08  Overseer  
  144  8:10  Hatchery  
  144  8:12  Drone x13  
  156  8:13  Drone  
  157  8:21  Spore Crawler, Pathogen Glands  
  157  8:22  Spore Crawler x2  
  157  8:23  Evolution Chamber  
  157  8:27  Drone x7  
  155  8:31  Overseer  
  160  8:38  Spore Crawler  
  160  8:39  Spore Crawler  
  160  8:40  Spore Crawler x2  
  160  8:41  Spore Crawler x2, Glial Reconstitution  
  153  8:42  Spore Crawler  
  153  8:43  Baneling Nest  
  151  8:54  Zerg Melee Weapons Level 2, Spire, Zerg Ground Armor Level 1  
  150  9:04  Extractor  
  150  9:05  Extractor  
  150  9:06  Drone x4  
  150  9:08  Corruptor x4  
  150  9:09  Overlord x2  
  160  9:14  Adrenal Glands  
  160  9:16  Overlord  
  159  9:27  Spore Crawler x3  
  159  9:30  Drone x3, Ultralisk Cavern  
  158  9:35  Spore Crawler  
  158  9:36  Spore Crawler  
  156  9:39  Infestor  
  156  9:40  Infestor  
  156  9:41  Zergling x24  
  156  9:45  Centrifical Hooks  
  172  9:55  Overlord x2  
  172  9:59  Viper x2  
  177  10:02  Drone x2  
  177  10:03  Drone  
  177  10:05  Spore Crawler x2, Drone x3  
  177  10:06  Spore Crawler x2  
  178  10:09  Spore Crawler  
  178  10:10  Spore Crawler  
  178  10:11  Spore Crawler, Zerg Flyer Weapons Level 2  
  178  10:12  Spore Crawler  
  178  10:13  Spore Crawler  
  178  10:14  Greater Spire  
  173  10:18  Drone  
  174  10:24  Spore Crawler  
  174  10:25  Spore Crawler  
  174  10:26  Spore Crawler  
  174  10:27  Drone  
  174  10:28  Drone  
  172  10:31  Overlord x2  
  172  10:32  Drone x3  
  172  10:33  Spore Crawler x2  
  172  10:34  Spore Crawler, Drone x2  
  174  10:40  Spore Crawler  
  173  10:43  Chitinous Plating  
  173  10:46  Infestor x4  
  181  10:53  Overseer  
  181  11:01  Drone x3  
  181  11:03  Spore Crawler  
  181  11:04  Spore Crawler x2  
  181  11:06  Spore Crawler x3  
  181  11:08  Zerg Ground Armor Level 2  
  181  11:10  Corruptor x2  
  182  11:14  Drone  
  183  11:25  Neural Parasite  
  183  11:27  Zerg Melee Weapons Level 3  
  183  11:32  Hatchery  
  182  11:37  Drone x3  
  182  11:38  Drone  
  182  11:39  Drone x2  
  188  11:44  Spore Crawler  
  188  11:45  Spore Crawler x2  
  188  11:47  Spore Crawler x3  
  184  11:50  Spore Crawler, Drone  
  184  11:51  Drone x9  
  191  11:56  Spore Crawler  
  191  11:58  Zerg Flyer Armor Level 1  
  190  12:06  Drone x2  
  190  12:07  Spore Crawler  
  190  12:08  Spore Crawler x2  
  190  12:09  Spore Crawler  
  190  12:10  Spore Crawler  
  187  12:16  Spore Crawler x2  
  187  12:17  Spore Crawler x2  
  187  12:19  Brood Lord x2  
  187  12:21  Brood Lord  
  188  12:30  Anabolic Synthesis  
  188  12:31  Drone x2  
  188  12:32  Drone  
  189  12:38  Burrow  
  189  12:47  Corruptor  
  189  12:48  Corruptor x3  
  197  12:51  Brood Lord  
  199  12:59  Drone  
  199  13:02  Spore Crawler  
  199  13:04  Spore Crawler  
  198  13:05  Spore Crawler  
  198  13:12  Drone x3  
  197  13:34  Drone x3  
  197  13:37  Drone x2  
  197  13:38  Drone  
  197  13:59  Spore Crawler x6  
  197  14:01  Drone x2  
  193  14:06  Zerg Ground Armor Level 3  
  193  14:07  Zerg Missile Weapons Level 1  
  193  14:08  Spore Crawler x3  
  190  14:13  Spore Crawler  
  190  14:14  Spine Crawler  
  190  14:15  Drone x3  
  191  14:20  Spore Crawler  
  191  14:21  Drone  
  191  14:22  Drone x8, Spine Crawler x3  
  196  14:24  Spore Crawler, Spine Crawler x2  
  196  14:25  Spine Crawler  
  190  14:40  Spore Crawler  
  190  14:41  Spore Crawler x6, Drone x6  
  190  14:42  Spore Crawler x2  
  190  14:43  Spore Crawler x2  
  190  14:44  Spore Crawler  
  184  14:47  Spore Crawler  
  184  14:48  Spore Crawler  
  182  14:55  Spire  
  182  14:56  Spire  
  130  15:30  Drone x15  
  130  15:31  Drone x3  
  130  15:32  Infestor x2  
  130  15:35  Viper  
  152  15:39  Viper x2  
  161  15:47  Extractor  
  160  15:50  Spore Crawler x3  
  160  15:51  Spore Crawler x2  
  160  15:52  Spore Crawler  
  154  16:03  Spore Crawler, Extractor  
  152  16:04  Extractor  
  152  16:05  Spore Crawler x2  
  152  16:09  Viper  
  152  16:11  Corruptor x18  
  152  16:14  Greater Spire  
  152  16:18  Zerg Flyer Weapons Level 3, Infestor x4  
  188  16:20  Drone  
  188  16:21  Drone  
  190  16:33  Ultralisk  
  196  16:57  Hatchery  
  195  17:02  Hatchery  
  195  17:04  Spore Crawler  
  195  17:08  Spore Crawler x2  
  191  17:09  Spore Crawler x3  
  191  17:10  Spine Crawler  
  187  17:19  Zergling x20  
  197  17:29  Drone  
  199  17:30  Drone  
  199  17:31  Zerg Flyer Armor Level 2  
  199  17:37  Baneling x20  
  199  17:50  Spore Crawler x3  
  196  18:09  Brood Lord  
  196  18:11  Spore Crawler x3  
  195  18:13  Spore Crawler x2  
  195  18:14  Spore Crawler x2  
  195  18:16  Spore Crawler  
  183  18:25  Zergling x28  
  194  18:30  Drone x5  
  199  18:48  Overseer x2  
  192  18:57  Ultralisk  
  192  18:58  Baneling x16  
  198  19:06  Drone  
  186  19:25  Brood Lord x4  
  186  19:29  Infestor x6  
  194  19:40  Zergling x2  
  194  19:41  Zergling x8  
  194  19:45  Zerg Missile Weapons Level 2  
  199  19:59  Zerg Flyer Armor Level 3  
  199  20:18  Baneling x8  
  199  20:34  Unknown  
  194  20:58  Corruptor x2  
  193  21:52  Ultralisk  
  199  22:00  Corruptor  
  199  22:26  Zerg Missile Weapons Level 3  
  185  22:49  Infestor x5  
  177  23:03  Corruptor x11  
  199  23:11  Brood Lord x2  
  191  23:23  Zergling x8, Ultralisk  
  193  23:39  Brood Lord x4  
  199  23:50  Extractor  
  199  23:51  Extractor  
  193  24:05  Infestor x4  
  193  24:06  Infestor x3  
  187  24:35  Brood Lord  
  187  24:36  Brood Lord x5  
  199  24:40  Zergling x2  
  194  24:54  Spore Crawler, Spine Crawler  
  194  24:55  Spore Crawler  
  194  24:56  Spine Crawler  
  194  24:57  Zergling x20  
  200  25:10  Spine Crawler  
  200  25:12  Spine Crawler  
  200  25:13  Spine Crawler  
  189  25:14  Spine Crawler x2  
  187  25:21  Drone x2  
  187  25:22  Drone  
  187  25:27  Brood Lord x3  
  196  25:32  Spore Crawler  
  196  25:33  Spore Crawler x2  
  196  25:34  Spore Crawler x2  
  183  25:53  Corruptor x8  
  198  25:57  Baneling x7  
  174  26:19  Brood Lord x3  
  174  26:20  Ultralisk  
  174  26:21  Zergling x20, Ultralisk  
  200  26:51  Baneling x16  
  200  27:08  Spine Crawler  
  199  27:09  Spine Crawler  
  199  27:10  Spine Crawler x3  
  199  27:12  Extractor  
  199  27:13  Hatchery  
  199  27:14  Extractor  
  190  27:30  Zergling x20  
  186  27:38  Drone  
  186  27:39  Drone x4  
  186  27:40  Drone  
  192  27:45  Zergling x18  
  192  27:48  Spore Crawler  
  192  27:49  Baneling Nest, Spine Crawler  
  192  27:50  Spine Crawler x2  
  182  28:03  Zergling x2  
  182  28:04  Zergling x18  
  182  28:05  Queen x3  
  188  28:19  Infestor x9  
  185  28:30  Ultralisk x2  
  185  28:31  Baneling x2  
  185  28:32  Baneling x4  
  189  28:42  Spine Crawler  
  189  28:43  Spine Crawler  
  189  28:44  Ultralisk x2  
  189  28:48  Drone x3  
  194  28:49  Spine Crawler  
  194  28:50  Overlord  
  193  29:08  Ultralisk  
  199  29:20  Infestor x9  
  185  29:49  Spore Crawler  
  185  29:50  Spore Crawler x3  
  185  29:52  Spore Crawler x2  
  179  29:53  Spore Crawler  
  179  29:58  Brood Lord x10  
  198  30:04  Baneling x10  
  198  30:05  Corruptor  
  195  30:59  Corruptor x2  
  195  31:01  Infestor x8  
  178  31:29  Corruptor x11  
  178  31:32  Zergling x28  
  197  31:45  Spore Crawler  
  197  31:46  Spore Crawler x5  
  191  31:52  Spore Crawler  
  191  31:54  Spore Crawler  
  189  31:55  Spore Crawler x2  
  189  31:56  Spore Crawler x2  
  189  32:00  Corruptor x7  
  199  32:08  Infestor x8  
  198  32:30  Corruptor  
  200  32:40  Baneling x10  
  200  32:41  Baneling x16, Hatchery  
  199  32:48  Infestor x3  
  194  33:04  Corruptor x6  
  172  33:18  Ultralisk  
  172  33:19  Ultralisk x4  
  187  33:22  Zergling x10  
  172  33:34  Zergling x14  
  154  33:43  Zergling x2  
  154  33:44  Zergling x22  
  159  33:53  Zergling x2, Ultralisk x5  
  188  34:00  Baneling x6  
  188  34:01  Zergling x6  
  188  34:02  Overlord x2  
  185  34:03  Overlord x4  
  181  34:10  Overlord  
  181  34:13  Baneling x2  
  181  34:14  Brood Lord x4  
  187  34:37  Infestor x3  
  193  34:58  Viper x2  
  184  35:10  Drone x6  
  184  35:38  Drone x3  
  187  35:49  Infestor x2  
  186  35:54  Hatchery  
  189  36:15  Drone x3  
  189  36:16  Drone x3  
  195  36:21  Overseer  
  195  36:23  Overseer  
  194  36:38  Drone x2  
  198  37:06  Corruptor x2  
  199  37:34  Corruptor x6  
  194  38:18  Viper  
  194  38:22  Hatchery  
  185  38:30  Corruptor  
Show
View Real Time Build Order
Export as new Build Order

Nice Protoss 

Build Orders: 1 Gate Expand, Oracle Opening, Carriers 

Get SALT Encoding   

  12  0:00  Probe  
  13  0:12  Probe  
  14  0:19  Pylon  
  14  0:24  Probe  
  15  0:37  Probe (Chrono Boost)  
  15  0:41  Gateway  
  16  0:49  Probe (Chrono Boost)  
  17  0:51  Assimilator  
  17  0:54  Probe (Chrono Boost)  
  18  1:03  Probe  
  19  1:16  Probe  
  20  1:27  Nexus  
  20  1:36  Cybernetics Core  
  20  1:42  Assimilator  
  20  1:43  Probe  
  21  1:51  Pylon  
  21  1:55  Probe  
  22  2:08  Probe (Chrono Boost)  
  23  2:10  Adept (Chrono Boost)  
  23  2:13  Warp Gate  
  25  2:20  Probe (Chrono Boost)  
  26  2:25  Probe (Chrono Boost)  
  27  2:33  Adept  
  27  2:36  Stargate  
  27  2:37  Probe (Chrono Boost)  
  30  2:39  Probe (Chrono Boost)  
  31  2:49  Probe (Chrono Boost)  
  31  2:50  Probe (Chrono Boost)  
  33  2:54  Probe (Chrono Boost)  
  35  2:58  Probe  
  38  3:05  Probe  
  38  3:10  Probe  
  38  3:11  Void Ray (Chrono Boost)  
  37  3:12  Gateway  
  37  3:15  Pylon  
  37  3:17  Probe  
  38  3:23  Probe  
  43  3:29  Probe  
  44  3:35  Probe  
  45  3:42  Probe  
  45  3:44  Pylon, Oracle (Chrono Boost)  
  45  3:47  Probe  
  50  3:54  Probe  
  51  3:56  Nexus  
  51  4:01  Probe  
  52  4:06  Pylon, Probe  
  53  4:10  Adept x2  
  53  4:13  Probe  
  58  4:18  Void Ray, Probe  
  58  4:22  Assimilator  
  58  4:24  Assimilator  
  59  4:27  Probe  
  64  4:31  Probe  
  64  4:34  Pylon  
  65  4:39  Probe  
  65  4:43  Probe  
  65  4:44  Pylon  
  67  4:45  Stargate  
  67  4:48  Forge  
  67  4:55  Probe (Chrono Boost)  
  67  4:56  Probe (Chrono Boost)  
  65  5:02  Void Ray  
  65  5:06  Probe (Chrono Boost)  
  67  5:07  Pylon, Probe (Chrono Boost)  
  67  5:10  Shield Battery  
  67  5:11  Probe x2 (Chrono Boost)  
  73  5:16  Robotics Facility  
  73  5:20  Probe (Chrono Boost)  
  73  5:21  Pylon  
  74  5:23  Shield Battery  
  74  5:24  Probe (Chrono Boost)  
  74  5:26  Probe (Chrono Boost)  
  76  5:31  Void Ray  
  78  5:36  Probe (Chrono Boost)  
  78  5:38  Probe x2 (Chrono Boost)  
  78  5:41  Pylon  
  83  5:42  Probe (Chrono Boost)  
  83  5:45  Probe x2 (Chrono Boost)  
  83  5:48  Assimilator  
  86  5:50  Void Ray, Probe  
  86  5:51  Assimilator  
  91  5:58  Probe x2  
  91  6:02  Probe  
  91  6:03  Protoss Air Weapons Level 1  
  94  6:04  Robotics Bay  
  94  6:05  Observer (Chrono Boost)  
  95  6:14  Photon Cannon  
  95  6:15  Photon Cannon  
  95  6:18  Pylon, Void Ray  
  95  6:19  Photon Cannon  
  99  6:29  Observer, Void Ray  
  100  6:38  Pylon x2  
  104  6:42  Shield Battery, Photon Cannon  
  104  6:46  Photon Cannon  
  104  6:50  Disruptor (Chrono Boost)  
  107  6:55  Void Ray  
  107  6:57  Stargate  
  107  6:58  Pylon  
  107  7:06  Probe x2  
  107  7:07  Probe  
  114  7:10  Void Ray  
  114  7:12  Nexus  
  114  7:13  Pylon  
  114  7:18  Probe  
  119  7:23  Probe  
  120  7:32  Shield Battery, Void Ray  
  120  7:34  Photon Cannon  
  120  7:35  Disruptor (Chrono Boost), Shield Battery  
  120  7:37  Pylon  
  127  7:46  Void Ray  
  127  7:55  Probe x3  
  134  8:00  Fleet Beacon  
  137  8:07  Shield Battery, Probe x3  
  137  8:08  Pylon  
  137  8:11  Photon Cannon  
  137  8:12  Pylon  
  140  8:19  Probe x3  
  140  8:23  Gateway  
  140  8:25  Gateway  
  140  8:27  Gateway  
  140  8:28  Twilight Council, Probe  
  140  8:30  Assimilator  
  140  8:31  Probe x2  
  140  8:32  Assimilator  
  143  8:34  Pylon  
  151  8:44  Flux Vanes  
  152  8:51  Carrier x2 (Chrono Boost)  
  152  8:54  Carrier (Chrono Boost)  
  152  8:55  Observer  
  158  9:03  Protoss Ground Weapons Level 1 (Chrono Boost)  
  158  9:07  Pylon  
  158  9:09  Observer  
  158  9:10  Charge (Chrono Boost)  
  158  9:16  Protoss Air Weapons Level 2 (Chrono Boost)  
  157  9:19  Nexus  
  157  9:21  Pylon  
  157  9:23  Templar Archives  
  157  9:27  Probe x4  
  157  9:29  Photon Cannon  
  157  9:31  Shield Battery  
  161  9:36  Gravitic Boosters  
  161  9:38  Photon Cannon  
  161  9:39  Shield Battery, Probe x3  
  161  9:42  Assimilator  
  161  9:45  Assimilator, Carrier (Chrono Boost)  
  164  9:51  Photon Cannon  
  164  9:52  Observer, Shield Battery  
  170  9:59  Carrier (Chrono Boost)  
  176  10:01  Carrier (Chrono Boost)  
  178  10:29  Photon Cannon  
  178  10:30  Photon Cannon  
  178  10:33  Photon Cannon  
  178  10:35  Photon Cannon  
  178  10:36  Psionic Storm, Shield Battery  
  178  10:38  Pylon  
  178  10:40  Carrier (Chrono Boost)  
  178  10:41  High Templar  
  178  10:42  High Templar x2  
  184  10:53  Photon Cannon  
  184  10:55  Shield Battery  
  184  10:57  Pylon, High Templar  
  184  11:00  Carrier (Chrono Boost)  
  184  11:02  Pylon  
  192  11:08  Cybernetics Core  
  192  11:09  Forge  
  191  11:19  Mothership  
  199  11:27  Blink (Chrono Boost), Protoss Ground Weapons Level 2 (Chrono Boost)  
  199  11:31  Gateway  
  199  11:32  Gateway  
  199  11:34  Gateway  
  199  11:36  Gateway  
  199  11:37  Gateway  
  199  11:38  Photon Cannon  
  199  11:42  Photon Cannon  
  199  11:47  Protoss Shields Level 1 (Chrono Boost)  
  199  11:57  Protoss Air Weapons Level 3 (Chrono Boost), Observer (Chrono Boost)  
  200  12:11  Nexus, Photon Cannon  
  200  12:12  Photon Cannon  
  200  12:13  Protoss Air Armor Level 1 (Chrono Boost)  
  200  12:14  Photon Cannon  
  200  12:15  Shield Battery  
  199  12:27  Observer  
  200  12:30  Pylon  
  199  12:50  Nexus  
  199  12:51  Pylon  
  199  12:58  Pylon  
  199  12:59  Pylon  
  199  13:01  Stargate  
  199  13:03  Stargate  
  199  13:06  Gateway  
  199  13:09  Gateway  
  199  13:17  Photon Cannon  
  199  13:18  Photon Cannon  
  199  13:20  Photon Cannon  
  199  13:22  Photon Cannon  
  199  13:25  Photon Cannon  
  199  13:27  Photon Cannon  
  199  13:30  Shield Battery  
  199  13:32  Shield Battery  
  199  13:37  Assimilator  
  198  13:48  High Templar  
  200  13:51  Shield Battery  
  200  13:53  Pylon  
  200  13:57  Protoss Shields Level 2 (Chrono Boost)  
  200  13:59  Pylon  
  200  14:07  Protoss Ground Weapons Level 3 (Chrono Boost)  
  200  14:15  Protoss Air Armor Level 2 (Chrono Boost)  
  200  14:37  Unknown  
  174  15:17  Tempest x2 (Chrono Boost)  
  174  15:18  Tempest (Chrono Boost)  
  185  15:28  Tempest (Chrono Boost)  
  175  15:31  Tempest (Chrono Boost)  
  165  15:35  Assimilator  
  165  15:37  High Templar x2  
  165  15:38  High Templar x3  
  165  15:39  High Templar  
  177  15:50  Carrier (Chrono Boost)  
  177  15:51  Carrier (Chrono Boost)  
  195  16:00  Carrier (Chrono Boost)  
  195  16:05  Photon Cannon  
  195  16:07  Photon Cannon  
  195  16:09  Photon Cannon  
  195  16:11  Photon Cannon  
  195  16:12  Photon Cannon  
  195  16:14  Shield Battery x2  
  195  16:23  Pylon  
  195  16:27  Pylon  
  195  16:28  Unknown  
  195  16:35  Nexus  
  195  16:36  Nexus, Pylon  
  195  16:38  Pylon  
  195  16:41  Assimilator  
  195  16:42  Protoss Air Armor Level 3 (Chrono Boost)  
  195  16:43  Assimilator  
  195  16:50  Shield Battery  
  195  16:51  Shield Battery  
  195  16:54  Photon Cannon x2  
  195  16:56  Photon Cannon x2  
  195  16:57  Protoss Ground Armor Level 1 (Chrono Boost)  
  195  16:58  Photon Cannon  
  195  17:00  Pylon, Photon Cannon  
  195  17:02  Photon Cannon  
  195  17:03  Oracle  
  195  17:05  Shield Battery, Oracle  
  195  17:08  Shield Battery  
  200  17:12  Photon Cannon  
  200  17:13  Photon Cannon  
  200  17:15  Photon Cannon  
  200  17:17  Photon Cannon  
  200  17:18  Shield Battery  
  200  17:19  Shield Battery  
  200  17:21  Pylon  
  200  17:42  Photon Cannon  
  200  17:46  Photon Cannon  
  200  17:48  Protoss Shields Level 3 (Chrono Boost)  
  200  17:51  Photon Cannon  
  200  17:53  Photon Cannon x2  
  200  17:55  Shield Battery  
  200  17:59  Photon Cannon  
  200  18:00  Photon Cannon  
  200  18:02  Photon Cannon  
  200  18:03  Photon Cannon  
  200  18:05  Shield Battery, Photon Cannon  
  200  18:06  Shield Battery  
  200  18:08  Shield Battery  
  200  18:10  Photon Cannon  
  200  18:14  Pylon  
  200  18:16  Pylon  
  200  18:27  Pylon  
  200  18:32  Pylon  
  195  18:35  Zealot x2  
  195  18:36  Pylon  
  195  18:37  Pylon, Dark Shrine  
  199  18:53  Photon Cannon  
  199  18:54  Photon Cannon  
  197  18:57  Shield Battery  
  197  19:02  Photon Cannon x2  
  197  19:03  High Templar  
  197  19:04  Photon Cannon  
  197  19:07  High Templar  
  200  19:14  Archon  
  194  19:25  Pylon  
  194  19:27  Photon Cannon  
  194  19:28  Photon Cannon, High Templar x3  
  194  19:29  Shield Battery  
  194  19:31  Photon Cannon  
  200  19:37  Archon  
  200  19:56  Pylon  
  199  20:26  High Templar  
  180  21:17  Archon  
  180  21:24  Stalker x3  
  180  21:25  Stalker x5  
  192  21:26  Stalker x2  
  190  21:46  Stalker x2  
  192  21:47  Stalker x3  
  192  21:48  Stalker  
  200  22:08  Stalker x2  
  200  22:15  Stalker  
  200  22:26  Stalker  
  188  22:44  Archon  
  172  22:53  Zealot x4  
  172  22:55  Zealot x7  
  180  23:19  Stalker x7  
  190  23:20  Stalker x3  
  190  23:21  Stalker  
  174  23:38  Stalker  
  174  23:44  Stalker x4  
  174  23:45  Stalker x2  
  174  23:46  Stalker x3  
  174  23:47  Stalker x2  
  192  23:56  Gateway  
  192  23:57  Gateway  
  192  23:58  Gateway  
  180  24:10  Stalker x5  
  180  24:11  Stalker x5  
  194  24:32  Stalker x2  
  194  24:33  Stalker x2  
  200  24:40  Shield Battery  
  200  24:42  Shield Battery, Photon Cannon  
  192  24:54  Stalker  
  192  24:55  Stalker x3  
  172  25:24  Stalker x6  
  172  25:25  Stalker x5  
  172  25:26  Stalker  
  186  25:55  Stalker x5  
  186  25:56  Stalker x3  
  186  25:57  Stalker x4  
  179  26:23  Stalker x4  
  179  26:24  Stalker x5  
  179  26:25  Stalker x3  
  195  26:33  Stalker x2  
  193  26:49  Stalker x5  
  197  27:38  Oracle  
  200  27:44  Shield Battery  
  200  27:50  Shield Battery  
  200  27:51  Pylon  
  198  28:00  Shield Battery  
  198  28:04  Shield Battery  
  198  28:05  Pylon  
  178  28:06  Oracle  
  178  28:07  Oracle  
  178  28:08  High Templar x4  
  178  28:11  Pylon  
  178  28:12  Archon x2  
  190  28:13  Dark Templar x5  
  190  28:17  Archon x2  
  198  28:27  Dark Templar  
  198  28:34  Archon  
  200  28:50  Shield Battery  
  200  28:51  Shield Battery  
  200  28:52  Pylon  
  200  28:54  Pylon  
  200  28:57  Pylon  
  198  29:13  Shield Battery  
  198  29:14  Shield Battery  
  198  29:16  Shield Battery  
  198  29:18  Shield Battery  
  198  29:19  Shield Battery  
  198  29:21  Shield Battery  
  198  29:23  Shield Battery  
  198  29:25  Photon Cannon  
  198  29:26  Photon Cannon  
  198  29:29  Pylon  
  190  29:36  Dark Templar x4  
  190  29:39  High Templar x2  
  190  29:41  Void Ray  
  190  29:42  Archon x2  
  198  30:01  Shield Battery  
  198  30:02  Shield Battery  
  198  30:04  Shield Battery  
  198  30:06  Photon Cannon  
  198  30:07  Photon Cannon  
  198  30:13  Pylon  
  198  30:26  Pylon  
  198  30:29  Shield Battery  
  198  30:31  Shield Battery  
  179  30:53  Photon Cannon  
  179  30:56  Photon Cannon  
  177  30:57  Photon Cannon  
  177  30:58  Shield Battery  
  173  31:04  Shield Battery  
  173  31:07  Shield Battery  
  173  31:08  Shield Battery  
  173  31:09  Shield Battery  
  165  31:32  Carrier x3 (Chrono Boost)  
  183  31:37  Pylon  
  183  31:38  Carrier (Chrono Boost)  
  183  31:39  Carrier (Chrono Boost)  
  177  31:41  High Templar  
  177  31:53  Pylon  
  173  31:59  Assimilator  
  171  32:02  Assimilator  
  163  32:14  Shield Battery  
  151  32:15  Shield Battery  
  151  32:18  Photon Cannon x2  
  151  32:24  Void Ray x2 (Chrono Boost)  
  151  32:25  Void Ray (Chrono Boost)  
  151  32:26  Dark Templar  
  151  32:29  Void Ray  
  165  32:35  Tempest  
  174  32:41  Observer  
  163  32:55  Archon x2  
  163  32:56  High Templar x4  
  171  33:02  Observer  
  171  33:03  Void Ray x2  
  171  33:04  Void Ray  
  130  33:25  Void Ray x2  
  130  33:26  Stalker x5  
  119  33:27  Stalker x4  
  119  33:28  Stalker x2  
  119  33:29  Stalker x2  
  119  33:40  Void Ray (Chrono Boost)  
  119  33:41  Void Ray (Chrono Boost)  
  88  33:46  Void Ray (Chrono Boost)  
  70  33:51  Stalker x2  
  70  33:52  Stalker x7  
  70  33:53  Stalker x2  
  70  33:54  Stalker x2  
  76  33:59  Void Ray (Chrono Boost)  
  69  34:09  Void Ray (Chrono Boost)  
  76  34:15  Void Ray x2 (Chrono Boost)  
  74  34:17  Dark Templar  
  74  34:23  Void Ray (Chrono Boost), Stalker x5  
  98  34:26  Stalker x2  
  98  34:30  High Templar x4  
  110  34:35  High Templar  
  112  34:39  Void Ray  
  114  34:47  High Templar  
  114  35:02  Void Ray  

Tags
 
Add a new tag
Caveats
  • Supply blocks, unpowered buildings, or Contaminate may cause inaccurate times.
  • Supply counts are checked every 10 seconds.